 Dungeon Crawl Stone Soup version 0.18-a0-1203-gbde16db (webtiles) character file.

141 ipx the Distorting Demonspawn (level 5, -3/41 HPs)
             Began as a Demonspawn Abyssal Knight on Feb 1, 2016.
             Was a Believer of Lugonu.
             Slain by an iguana (11 damage)
             ... on level 4 of the Dungeon.
             The game lasted 00:11:32 (953 turns).

ipx the Distorting Demonspawn (DsAK)                 Turns: 953, Time: 00:11:32

Health: -3/41      AC:  6    Str: 12    XL:     5   Next: 3%
Magic:  8/8        EV:  8    Int: 13    God:    Lugonu [**....]
Gold:   84         SH:  3    Dex: 14    Spells: 0 memorised, 4 levels left

rFire  . . .     SeeInvis .       - Unarmed
rCold  . . .     Gourm    .     p - +0 scale mail
rNeg   . . .     Faith    .     n - +0 buckler
rPois  .         Spirit   .     (no helmet)
rElec  .         Dismiss  .     (no cloak)
rCorr  .         Reflect  .     (no gloves)
SustAt .         Harm     .     (no boots)
MR     .....                    (no amulet)
Stlth  +.........               (no ring)
                                S - ring of stealth

@: not resistant to hostile enchantments, very unstealthy
A: claws 2, demonic guardian 1
a: Depart the Abyss, Bend Space, Renounce Religion


You were on level 4 of the Dungeon.
You worshipped Lugonu.
Lugonu was pleased with you.
You were very hungry.

You visited 1 branch of the dungeon, and saw 4 of its levels.
You visited the Abyss 1 time.

You collected 84 gold pieces.

Inventory:

Hand Weapons
 a - a +1 hand axe
Missiles
 i - 10 poisoned needles
Armour
 b - a +0 leather armour
 n - a +0 buckler (worn)
 p - a +0 scale mail (worn)
Jewellery
 S - a ring of stealth (left claw)
Scrolls
 d - a scroll of remove curse {unknown}
 h - a scroll of fear {unknown}
 j - a scroll of noise {unknown}
 l - a scroll of enchant armour {unknown}
 m - a scroll of enchant weapon {unknown}
Potions
 e - a potion of brilliance
Comestibles
 c - a bread ration
 g - a royal jelly


   Skills:
 - Level 3.0 Fighting
 - Level 3.2 Axes
 - Level 1.7 Armour
 - Level 0.8 Dodging
 + Level 2.2 Unarmed Combat
 + Level 4.2 Invocations


You had 4 spell levels left.
You didn't know any spells.

Dungeon Overview and Level Annotations

Branches:
Dungeon (4/15)
 Temple: D:4-7

Altars:
Cheibriados
Dithmenos
The Shining One


Innate Abilities, Weirdness & Mutations

You have very sharp fingernails.
A weak demonic guardian rushes to your aid.


Message History

The iguana bites you!
You scratch the iguana but do no damage.
The iguana is heavily wounded.
You are feeling very hungry.
The iguana closely misses you.
You scratch the iguana.
The iguana is almost dead.
The iguana bites you.
You scratch the iguana but do no damage.
The iguana is almost dead.
You hear the rusting of a very distant drain.
The iguana bites you!
* * * LOW HITPOINT WARNING * * *
You closely miss the iguana.
The iguana is almost dead.
The iguana closely misses you.
You scratch the iguana but do no damage.
The iguana is almost dead.
The iguana bites you!
You die...

##.##.......####.........#.....#
##.###+#........)........#..(..#
....#..'....................(....
....'..#............#########(...
##.##.##...........P# . ....
##.##.##########...P##.. ....
....... +....P... .... .......#
#...P....
####..########+#@......# #..#
#......l####P.P. .... #......s# .
#.......# +########.......#
...).......###### ....)......#
...........# ...........#


You could see an iguana and a giant cockroach.

Vanquished Creatures
  2 adders
  A worm (D:4)
  An adder skeleton (D:4)
  2 giant geckos
  4 orcs (D:3)
  2 goblins (D:2)
  5 hobgoblins
  A quokka (D:4)
  3 bats
  2 giant newts
  2 kobolds
  A quokka skeleton (D:4)
  5 rats
31 creatures vanquished.

Vanquished Creatures (collateral kills)
  Sigmund (D:4)
  An orc (D:3)
2 creatures vanquished.

Grand Total: 33 creatures vanquished

Notes
Turn   | Place    | Note
--------------------------------------------------------------
     0 | Abyss:1  | ipx the Demonspawn Abyssal Knight began the quest for the Orb.
     0 | Abyss:1  | Reached XP level 1. HP: 18/18 MP: 2/2
    11 | Abyss:1  | Noticed an efreet
    12 | D:1      | Escaped the Abyss
    59 | D:1      | Reached * piety under Lugonu
    99 | D:2      | Found a snail-covered altar of Cheibriados.
   131 | D:3      | Noticed a scorpion
   177 | D:2      | Gained mutation: A weak demonic guardian rushes to your aid. [demonic ancestry]
   177 | D:2      | Reached XP level 2. HP: 22/24 MP: 3/3
   403 | D:3      | Found a shadowy altar of Dithmenos.
   412 | D:3      | Gained mutation: You have sharp fingernails. [demonic ancestry]
   412 | D:3      | Reached XP level 3. HP: 7/29 MP: 4/4
   414 | D:3      | Found a glowing golden altar of the Shining One.
   672 | D:4      | Reached skill level 1 in Unarmed Combat
   811 | D:4      | Noticed Sigmund
   839 | D:4      | Killed Sigmund
   839 | D:4      | Reached ** piety under Lugonu
   839 | D:4      | Reached skill level 4 in Invocations
   839 | D:4      | Reached XP level 4. HP: 21/35 MP: 5/7
   843 | D:4      | Gained mutation: You have very sharp fingernails. [demonic ancestry]
   843 | D:4      | Reached XP level 5. HP: 23/41 MP: 5/8
   953 | D:4      | Slain by an iguana

Vault maps used:
D:1:      dpeg_arrival_lava_temple_mockup, serial_forest,
          infiniplex_forest_straight_2, infiniplex_forest_straight_5,
          infiniplex_forest_lined_2, infiniplex_forest_straight_2,
          infiniplex_forest_clump_long, infiniplex_forest_lined_room_2,
          infiniplex_forest_corner_1, infiniplex_forest_corner_1
D:2:      lemuel_round_altar, first_bread
D:3:      led_sif_book, grunt_temple_overflow_open
D:4:      kiku_gazebo_garden_becter, nicolae_overflow_hidden_temple,
          nemelex_xobeh_ov_fountains_minmay, gup_sewer_entry_glass,
          minmay_tree_intersection, uniq_sigmund

Action                   |  1- 3 |  4- 6 || total
-------------------------+-------+-------++-------
Melee: Hand axe          |    97 |       ||    97
       Unarmed           |       |    24 ||    24
Throw: Tomahawk          |    16 |       ||    16
Invok: Depart the Abyss  |     1 |       ||     1
       Bend Space        |       |     1 ||     1
  Use: Potion            |     4 |     3 ||     7
 Stab: Sleeping          |     3 |       ||     3
       Invisible         |     2 |       ||     2
